 Dungeon Crawl Stone Soup version 0.18.1-8-gdd0e5ea (webtiles) character file.

1200 Scarto the Skirmisher (level 8, -4/64 HPs)
             Began as a Demonspawn Fighter on June 2, 2016.
             Was an Initiate of Qazlal.
             Killed from afar by a gnoll (16 damage)
             ... with a wand of lightning
             ... on level 6 of the Dungeon.
             The game lasted 00:10:23 (5985 turns).

Scarto the Skirmisher (Demonspawn Fighter)          Turns: 5985, Time: 00:10:24

Health: -4/64      AC: 14    Str: 18    XL:     8   Next: 21%
Magic:  8/8        EV:  3    Int:  9    God:    Qazlal [......]
Gold:   344        SH: 10    Dex: 14    Spells: 0 memorised, 7 levels left

rFire  + . .     SeeInvis .     a - +1 war axe
rCold  . . .     Gourm    .     u - +0 plate armour
rNeg   . . .     Faith    .     c - +0 shield
rPois  .         Spirit   .     (no helmet)
rElec  .         Dismiss  .     (no cloak)
rCorr  .         Reflect  .     (gloves unavailable)
SustAt .         Harm     .     (no boots)
MR     .....                    (no amulet)
Stlth  ..........               o - ring of wizardry
                                e - +1 ring of protection

@: not resistant to hostile enchantments, extremely unstealthy
A: claws 3, molten scales 1, demonic guardian 1, fire resistance 1
a: Renounce Religion


You were on level 6 of the Dungeon.
You worshipped Qazlal.
Qazlal was noncommittal.
You were full.

You visited 2 branches of the dungeon, and saw 7 of its levels.
You also visited: Sewer.

You collected 344 gold pieces.

Inventory:

Hand Weapons
 a - a +1 war axe (weapon)
Armour
 b - a +0 scale mail
 c - a +0 shield (worn)
 u - a +0 plate armour (worn)
Jewellery
 e - a +1 ring of protection (left claw)
 o - a ring of wizardry (right claw)
Wands
 i - a wand of iceblast (15/15)
Scrolls
 d - a scroll of fog {unknown}
 g - a scroll of identify
 h - a scroll of recharging
 n - 4 scrolls of remove curse
 s - a scroll of enchant armour {unknown}
Potions
 f - a potion of cure mutation
 k - 3 potions of curing
 l - 2 potions of flight
 m - a potion of mutation {unknown}
 q - 3 potions of brilliance {unknown}
 r - a potion of invisibility {unknown}
 t - a potion of haste {unknown}
 v - a potion of lignification {unknown}
 x - a potion of heal wounds
Comestibles
 j - 2 meat rations
 p - a royal jelly
 w - a bread ration


   Skills:
 + Level 6.0 Fighting
 + Level 4.6 Axes
 + Level 5.0 Armour
 + Level 5.1 Shields


You had 7 spell levels left.
You didn't know any spells.

Dungeon Overview and Level Annotations

Branches:
Dungeon (6/15)             Temple (1/1) D:5

Altars:
Ashenzari
Cheibriados
Dithmenos
Elyvilon
Fedhas
Gozag
Kikubaaqudgha
Nemelex Xobeh
Okawaru
Qazlal
Ru
Sif Muna
Trog
Xom
Zin
The Shining One

Shops:
D:4 (%=*:

Annotations:
D:6 Prince Ribbit


Innate Abilities, Weirdness & Mutations

You have claws for hands.
You are partially covered in molten scales (AC +1).
A weak demonic guardian rushes to your aid.
Your flesh is heat resistant.


Message History

You hit the gnoll.
The gnoll is moderately wounded.
The gnoll zaps a wand.
The bolt of lightning hits you!
* * * LOW HITPOINT WARNING * * *
You block the gnoll's attack.
You barely miss the gnoll.
The gnoll is moderately wounded.
You block the gnoll's attack.
You barely miss the gnoll.
The gnoll is moderately wounded.
You block the gnoll's attack.
You slash the gnoll!
The gnoll is almost dead.
The gnoll hits you but does no damage.
Drink which item? (? for menu, Esc to quit)
You feel better. The gnoll hits you but does no damage.
You hit the gnoll but do no damage.
The gnoll is almost dead.
The gnoll zaps a wand.
The bolt of lightning hits you!
You die...

###.#..####......#
##.#..... #.#............#
#.#..### #.#.....##.###.#
#.#..##. #.#.....##.###.#
#.#.###.
........##)..#.#### #.....
.........##........#
#.####
..........##........# ...#
..........##........####..
...........g@.......# ###
..........?....#
...............#
#.........######
###...##### #... #... #...


You could see a gnoll.

Vanquished Creatures
  An orc warrior (D:5)
  A necrophage (D:6)
  A big kobold (Sewer)
  2 jellies (D:5)
  3 orc wizards
  4 orc priests
  A centaur skeleton (D:4)
  2 giant frog skeletons
  4 worker ants
  A hound skeleton (D:6)
  8 adders
  6 gnolls (D:5)
  3 river rats
  3 oozes
  3 worms
  2 dart slugs
  3 giant geckos
  14 orcs
  13 bats
  7 giant cockroaches
  2 goblins
  3 hobgoblins
  3 jackals
  16 kobolds
  3 quokkas (D:2)
  A ball python (D:4)
  2 giant newts (D:3)
  4 rats
116 creatures vanquished.

Vanquished Creatures (collateral kills)
  A sky beast (D:6)
  A giant frog (D:6)
  A scorpion (D:5)
  An orc wizard (D:5)
  A hound (D:5)
  An orc priest (D:4)
  A gnoll (D:5)
  2 orcs (D:4)
  A kobold (Sewer)
  A rat (Sewer)
11 creatures vanquished.

Grand Total: 127 creatures vanquished

Notes
Turn   | Place    | Note
--------------------------------------------------------------
     0 | D:1      | Scarto the Demonspawn Fighter began the quest for the Orb.
     0 | D:1      | Reached XP level 1. HP: 18/18 MP: 1/1
   594 | D:1      | Gained mutation: You have sharp fingernails. [demonic ancestry]
   594 | D:1      | Reached XP level 2. HP: 23/24 MP: 2/2
  1246 | D:2      | Found a shattered altar of Ashenzari.
  1251 | D:2      | Gained mutation: You have very sharp fingernails. [demonic ancestry]
  1251 | D:2      | Reached XP level 3. HP: 29/29 MP: 3/3
  1834 | D:2      | Gained mutation: A weak demonic guardian rushes to your aid. [demonic ancestry]
  1834 | D:2      | Reached XP level 4. HP: 35/37 MP: 4/4
  2263 | D:3      | Found an iron altar of Okawaru.
  2608 | D:3      | Found a glowing drain.
  2728 | Sewer    | Entered a sewer
  2790 | Sewer    | Noticed a big kobold
  2802 | Sewer    | Killed a big kobold
  2802 | Sewer    | Reached skill level 4 in Fighting
  2802 | Sewer    | Reached XP level 5. HP: 24/42 MP: 5/5
  2821 | Sewer    | Found a white marble altar of Elyvilon.
  3300 | D:4      | Gained mutation: You are partially covered in molten scales (AC +1). [demonic ancestry]
  3300 | D:4      | Reached XP level 6. HP: 44/49 MP: 6/6
  3313 | D:4      | Found Baecaf's Food Emporium.
  3375 | D:4      | Found an ancient bone altar of Kikubaaqudgha.
  3378 | D:4      | Found a deep blue altar of Sif Muna.
  3442 | D:4      | Found Eghaax's Jewellery Emporium.
  3454 | D:4      | Found Rileaxte's Assorted Antiques.
  4010 | D:4      | Found Eclo's Weapon Shoppe.
  4222 | D:4      | Found a glowing golden altar of the Shining One.
  4222 | D:4      | Found a glowing silver altar of Zin.
  4261 | D:4      | Found Kemme's Book Boutique.
  4617 | D:5      | Entered Level 5 of the Dungeon
  4617 | D:5      | Noticed an orc warrior
  4623 | D:5      | Gained mutation: You have claws for hands. [demonic ancestry]
  4623 | D:5      | Reached XP level 7. HP: 30/55 MP: 7/7
  4626 | D:5      | Reached skill level 5 in Fighting
  4698 | D:5      | Found a staircase to the Ecumenical Temple.
  4740 | Temple   | Entered the Ecumenical Temple
  4889 | Temple   | Became a worshipper of Qazlal Stormbringer
  5303 | D:5      | Found a shimmering altar of Xom.
  5447 | D:5      | Found an opulent altar of Gozag.
  5752 | D:6      | Reached skill level 5 in Shields
  5796 | D:6      | Noticed Prince Ribbit
  5801 | D:6      | Gained mutation: Your flesh is heat resistant. [demonic ancestry]
  5801 | D:6      | Reached XP level 8. HP: 64/64 MP: 8/8
  5818 | D:6      | Reached skill level 5 in Armour
  5861 | D:6      | Reached skill level 6 in Fighting
  5985 | D:6      | Killed from afar by a gnoll

Skill      XL: |  1  2  3  4  5  6  7  8 |
---------------+-------------------------+-----
Axes           | 2 3 4 |  4.6
Armour         | 3 4 5 |  5.0
Shields        | 3 4 5 |  5.1
Fighting       | 4 5 6 |  6.0

Action                   |  1- 3 |  4- 6 |  7- 9 || total
-------------------------+-------+-------+-------++-------
Melee: War axe           |   143 |   226 |   128 ||   497
  Use: Potion            |     1 |     2 |     3 ||     6
       Scroll            |       |     4 |     6 ||    10
 Stab: Invisible         |       |       |     1 ||     1
       Distracted        |       |       |     1 ||     1
  Eat: Bread ration      |     2 |       |     2 ||     4
       Chunk             |       |     4 |     1 ||     5
Armor: Scale mail        |    89 |    97 |    10 ||   196
       Plate armour      |       |       |    71 ||    71
Dodge: Dodged            |    56 |    76 |    19 ||   151
Block: Shield            |    74 |   114 |    61 ||   249
